 Dungeon Crawl Stone Soup version 0.31.0-32-g396128a36d (webtiles) character file.

Game seed: 1657762964161042252

119 Yoho the Shooter (level 5, 0/31 HPs)
             Began as a Gargoyle Hunter on Mar 20, 2024.
             Slain by a goblin
             ... wielding a +0 club
             ... led by Robin
              (2 damage)
             ... on level 2 of the Dungeon.
             The game lasted 00:07:16 (1293 turns).

Yoho the Shooter (Gargoyle Hunter)                  Turns: 1293, Time: 00:07:16

Health: 0/31       AC:  8    Str: 20    XL:     5   Next: 3%
Magic:  5/5        EV: 12    Int: 15    God:
Gold:   67         SH:  0    Dex: 15    Spells: 4/4 levels left

rFire   . . .        a - +0 shortbow
rCold   . . .        (shield currently unavailable)
rNeg    + . .        c - +0 leather armour
rPois   ∞            (no helmet)
rElec   +            (no cloak)
rCorr   .            m - +0 pair of gloves
SInv    .            (no boots)
Will    +....        h - amulet of the acrobat
Stlth   ++           k - ring of Cejehyc {Str+5 Int+6}
HPRegen 0.25/turn    (no ring)
MPRegen 0.09/turn

%: acrobat
@: enlightened, flying
A: sickness immunity, AC +4, negative energy resistance 1, electricity
resistance, torment resistance 1, petrification resistance
a: no special abilities


You were on level 2 of the Dungeon.
You visited 1 branch of the dungeon, and saw 2 of its levels.

You collected 67 gold pieces.


Innate Abilities, Weirdness & Mutations

You are immune to sickness and miasma.
Your stone body is resilient. (AC +4)
You are immune to poison.
You resist negative energy. (rN+)
You are resistant to electric shocks. (rElec)
You are resistant to unholy torment.
You are immune to petrification.


   Skills:
 + Level 2.7 Fighting
 * Level 5.6 Ranged Weapons
 + Level 2.0 Dodging
 + Level 1.9 Stealth


You had 4 spell levels left.
You didn't know any spells.
Your spell library was empty.

Inventory:

Hand Weapons
 a - a +0 shortbow (weapon)
Armour
 c - a +0 leather armour (worn)
 m - a +0 pair of gloves (worn)
Jewellery
 h - an amulet of the acrobat (around neck)
 k - the ring of Cejehyc (left hand) {Str+5 Int+6}
   (You found it on level 2 of the Dungeon)

   [ring of intelligence]

   Str+5:     It affects your strength (+5).
   Int+6:     It affects your intelligence (+6).
Scrolls
 b - a scroll of butterflies
 f - a scroll of enchant weapon {unknown}
 g - a scroll of acquirement {unknown}
 i - a scroll of brand weapon {unknown}
 l - a scroll of noise {unknown}
Potions
 d - a potion of curing {unknown}
 j - a potion of heal wounds {unknown}

Dungeon Overview and Level Annotations

Branches:
Dungeon (2/15)

Altars:
Xom

Shops:
D:1 :   D:2 [(

Annotations:
D:2 Robin

..#
#.......######.#####.##.#
..# #.....### #.# #.....
..# ###.### #.# #..#.#
.## #.# #+# #..... ## #.#
... ##.#.# #.## ....
#.#.. # #..## ...(. #.##.
###########...####g)....
##....
...............g@)......
+.....
###########...####......
####.. # ###...## .....
##. #....#.## .... ##
#.#..##.# ... #...##.##
+# ##..#.### ##.# ###
#.#.##.. ...# #..
#.####.# #..## #..


You could see Robin and a goblin (strong).


Message History

The goblin hits you but does no damage. The hobgoblin hits you.
* * * LOW HITPOINT WARNING * * *
Robin hits you from afar with a +0 spear.
* * * LOW HITPOINT WARNING * * *
Fire: a) +0 shortbow
Press: ? - help, Q - select action Shift-Dir - straight line, f/p - Robin
Aim: Robin, wielding a +0 spear, wearing a +0 animal skin and wearing a +0 helmet (69% to hit)
You shoot an arrow. The arrow hits the hobgoblin.
The hobgoblin is severely wounded.
Robin hits you but does no damage. The goblin closely misses you.
The hobgoblin barely misses you.
Fire: a) +0 shortbow
Press: ? - help, Q - select action Shift-Dir - straight line, f/p - Robin
Aim: Robin, wielding a +0 spear, wearing a +0 animal skin and wearing a +0 helmet (69% to hit)
You shoot an arrow. The arrow barely misses the hobgoblin.
The arrow hits Robin but does no damage.
Robin closely misses you. The goblin misses you.
The hobgoblin hits you but does no damage.
Fire: a) +0 shortbow
Press: ? - help, Q - select action Shift-Dir - straight line, f/p - Robin
Aim: Robin, wielding a +0 spear, wearing a +0 animal skin and wearing a +0 helmet (69% to hit)
You shoot an arrow. The arrow hits the hobgoblin!
You kill the hobgoblin!
Robin hits you but does no damage. The goblin hits you with a +0 club.
* * * LOW HITPOINT WARNING * * *
Your Dodging skill increases to level 2!
It was a potion of enlightenment.
You feel very buoyant.
You fly up into the air.
Robin misses you. The goblin hits you with a +0 club.
You die...

Skill      XL: |  1  2  3  4  5 |
---------------+----------------+-----
Ranged Weapons | 5 |  5.6
Dodging        | 2 |  2.0
Fighting       | |  2.7
Stealth        | |  1.9

Action                     |  1- 3 |  4- 6 || total
---------------------------+-------+-------++-------
   Fire: Shortbow          |    79 |    29 ||   108
    Use: Potion            |       |     1 ||     1
 Armour: Leather armour    |    23 |    32 ||    55
  Dodge: Dodged            |    20 |    22 ||    42

Levels and vault maps discovered:
D:1:      kennysheep_arrival_forest, layout_basic, serial_shops, shop,
          st_stairs_2, hangedman_feature_mirror
D:2:      layout_loops_corners, basic_altar, serial_shops, nicolae_diamond_shop,
          nicolae_square_shop, shop, kennysheep_generic_room_14, uniq_robin,
          uniq_natasha

Notes
Turn   | Place    | Note
-------+----------+-------------------------------------------
     0 | D:1      | Yoho the Gargoyle Hunter began the quest for the Orb.
     0 | D:1      | Reached XP level 1. HP: 12/12 MP: 1/1
   108 | D:1      | Reached XP level 2. HP: 17/17 MP: 2/2
   284 | D:1      | Found Ittyden's Book Boutique.
   337 | D:1      | Reached XP level 3. HP: 19/21 MP: 3/3
   442 | D:1      | You fall into a shaft and drop 1 floor!
   456 | D:2      | Reached skill level 5 in Ranged Weapons
   585 | D:2      | Identified the ring of Cejehyc {Str+5 Int+6}
   754 | D:2      | Found Hilirr's Armour Shop.
   758 | D:2      | Found Lurugaad's Antique Weapon Emporium.
   798 | D:2      | Found a shimmering altar of Xom.
   862 | D:2      | Noticed Natasha
   875 | D:2      | Killed Natasha
   876 | D:2      | Reached XP level 4. HP: 12/27 MP: 4/4
   972 | D:2      | Noticed Natasha
   981 | D:2      | Killed Natasha
  1275 | D:2      | Noticed Robin
  1285 | D:2      | Reached XP level 5. HP: 10/31 MP: 5/5
  1292 | D:2      | HP: 1/31 [goblin/+0 club[Robin] (6)]
  1293 | D:2      | Reached skill level 2 in Dodging
  1293 | D:2      | Slain by a goblin

Vanquished Creatures
  Natasha (twice) (D:2)
  A gnoll (D:1)
  2 adders (D:2)
  3 ball pythons
  4 endoplasms
  A giant cockroach (D:1)
  10 goblins
  5 hobgoblins (D:2)
  2 jackals (D:2)
  2 quokkas
  A bat (D:1)
  2 frilled lizards
  2 kobolds
  A rat (D:2)
38 creatures vanquished.

Table legend: (Time is in decaauts)
 A = Elapsed time spent in this place.
 B = Non-inter-level travel time spent in this place.
 C = Inter-level travel time spent in this place.
 D = Time resting spent in this place.
 E = Time spent auto-exploring this place.
 F = Levels seen in this place.
 G = Mean time per level.
                   A        B        C        D        E       F      G
               +--------+--------+--------+--------+--------+-----+--------+
         Total |   1312 |   1312 |      0 |    145 |    951 |   2 |  656.0 |
       Dungeon |   1312 |   1312 |      0 |    145 |    951 |   2 |  656.0 |
               +--------+--------+--------+--------+--------+-----+--------+

Top non-repeatable levels by time:
     D:2: 862 daAuts
     D:1: 449 daAuts

Table legend:
 A = Non-vault XP
 B = Vault XP
 C = Vault XP percentage of total XP
 D = Non-vault monster count
 E = Vault monster count
 F = Vault count percentage of total count
                 A         B        C        D         E       F
            +---------+---------+-------+---------+---------+-------
      Total |     112 |      59 |  34.5 |      25 |      13 |  34.2
            +---------+---------+-------+---------+---------+-------
        D:1 |      31 |       6 |  16.2 |      11 |       3 |  21.4
        D:2 |      81 |      53 |  39.6 |      14 |      10 |  41.7
            +---------+---------+-------+---------+---------+-------
